AoeStats
← TIMVP

Arena

509677464Analyzed
2v2 RM · 4d ago on Sep 27, 2026· 54m 34s· 4 players
Game mode
Random Map
Map size
Medium (4 player)
Population
200
Speed
Normal
Resources
Standard
Victory
Conquest
Starting age
Dark Age
Ending age
Imperial Age
RankedLock teamsTeams togetherTeam positionsShared explorationLock speedFull tech treeHidden civsTurbo modeCheats
Victory
Defeat
🇦🇿 Turks · Azerbaijan
806
+14
🇦🇿 Bohemians · Azerbaijan
758
+16
🇵🇪 Danes · Peru
773
-15
🇵🇪 Magyars · Peru
763
-15
TIMVP
11:47 Feudal Age
12:12 Double-Bit Axe
13:05 Wheelbarrow
12:23 Horse Collar
17:28 Loom
20:04 Castle Age
17:45 Man-at-Arms
20:11 Fletching
20:55 Bow Saw
21:04 Stone Mining
26:54 Heavy Plow
33:37 Imperial Age
31:14 Elite Skirmisher
32:48 Bodkin Arrow
32:54 Scale Mail Armor
33:23 Hand Cart
37:14 Thumb Ring
36:43 Capped Ram
37:40 Elite Jomsviking
39:16 Ballistics
41:23 Hamask
41:46 Northmen's Fury
43:44 Chemistry
42:55 Masonry
46:15 Heavy Scorpion
51:48 Squires
51:08 Pikeman
52:40 Conscription
A†ilA
9:47 Loom
11:38 Feudal Age
12:57 Double-Bit Axe
14:29 Wheelbarrow
19:22 Castle Age
18:55 Horse Collar
23:39 Wheelbarrow
25:11 Thumb Ring
25:00 Fletching
25:10 Padded Archer Armor
27:46 Hand Cart
28:19 Bow Saw
33:36 Imperial Age
31:40 Bodkin Arrow
31:45 Padded Archer Armor
32:09 Corvinian Army
36:55 Ballistics
37:36 Chemistry
40:18 Scale Barding Armor
42:51 Elite Magyar Huszar
48:23 Capped Ram
49:02 Onager
SANTA
11:57 Feudal Age
12:27 Loom
13:42 Wheelbarrow
12:48 Horse Collar
12:55 Double-Bit Axe
22:35 Castle Age
21:34 Fletching
21:54 Forging
21:45 Scale Mail Armor
24:05 Heavy Plow
24:18 Bow Saw
24:51 Iron Casting
24:31 Chain Mail Armor
25:42 Elite Skirmisher
31:44 Imperial Age
34:00 Conscription
34:21 Hand Cart
43:04 Ballistics
43:17 Elite Hussite Wagon
44:23 Pikeman
46:55 Pikeman
48:52 Chemistry
48:26 Plate Mail Armor
48:57 Blast Furnace
47:52 Bodkin Arrow
47:57 Padded Archer Armor
49:52 Squires
jafar.najafov
1:34 Loom
2:22 Loom
12:28 Feudal Age
13:06 Double-Bit Axe
14:21 Wheelbarrow
14:07 Horse Collar
15:26 Gold Mining
20:04 Castle Age
18:30 Stone Mining
23:47 Bow Saw
23:39 Heavy Plow
25:19 Scale Barding Armor
26:52 Gold Shaft Mining
28:55 Hand Cart
29:12 Forging
29:49 Husbandry
30:10 Murder Holes
31:10 Squires
30:30 Man-at-Arms
33:12 Sanctity
33:23 Bloodlines
37:01 Imperial Age
36:06 Sipahi
35:12 Long Swordsman
37:04 Thumb Ring
37:05 Arson
37:59 Chain Barding Armor
37:40 Scale Mail Armor
39:28 Conscription
39:00 Two-Handed Swordsman
40:20 Plate Barding Armor
39:47 Padded Archer Armor
40:22 Iron Casting
40:03 Chain Mail Armor
45:14 Plate Mail Armor
45:44 Blast Furnace
45:00 Leather Archer Armor
44:36 Fletching
45:56 Champion
49:39 Ballistics
50:34 Two-Man Saw
Connection lost

Rejoining the realm…

Still unreachable

The connection could not be restored.

Session expired

The server has moved on; the page needs a fresh start.